cohdb
Replays
Latest Replays
All Replays
Popular Replays
Top Player Replays
Match Explorer
How It Works
Community
CoH3 Stats
Reddit
Sign in to upload your games and track your stats! →
Sign in with Steam
Match 46657552
Unlisted
Match 46657552
Overview
Messages
Build Orders
End
250 Light Carrier
Panzerpioneer Squad
Panzerpioneer Squad
Panzerpioneer Squad
Construct Light Support Kompanie
Combat Half-tracks
Advanced Field Repairs
Selects Armored Support Battlegroup
Selects Salvage Kits
Selects Superior Fire Drills
Construct Mechanized Kompanie
Panzerjäger Mechanized Group
Vehicle Survival Package
Support Armor Elements
Veteran Squad Leaders
Tungsten Core Ammunition
StuG III D Assault Gun
Panzerpioneer Squad
Emergency Repair Kits
Selects Flammpanzer III Medium Tank
Panzerpioneer Squad
Construct Panzerarmee Kommand
Flak 36 Anti-tank Gun Team
Panzerpioneer Squad
Selects Command Panzer IV F Medium Tank
Command Panzer IV F Medium Tank
(Tag-Team) SirNate2000
Tag-Team PaultheGreat97
(Tag-Team) Farmer/Warrior
Imaginethefire
Danma
AHordeofBadgers
Mr_NoteAr
User1diego
0
0
Comments
sign in to comment!
No comments posted yet!